 Dungeon Crawl Stone Soup version 0.29.1-15-g9cfb28693d (webtiles) character file.

Game seed: 4567897066567054713

144 HOAXBANE2 the Charlatan (level 5, -11/41 HPs)
             Began as a Human Artificer on Mar 9, 2023.
             Mangled by a kobold
             ... wielding a +0 dagger of electrocution
              (17 damage)
             ... on level 2 of the Dungeon.
             The game lasted 00:12:31 (2514 turns).

HOAXBANE2 the Charlatan (Human Artificer)           Turns: 2514, Time: 00:12:32

Health: -11/41     AC:  4    Str: 12    XL:     5   Next: 51%
Magic:  8/9        EV: 11    Int: 14    God:
Gold:   37         SH:  0    Dex: 13    Spells: 8/9 levels left

rFire   . . .      SeeInvis .   j - +0 whip
rCold   . . .      Faith    .   (no shield)
rNeg    . . .      Spirit   .   b - +0 leather armour
rPois   .          Reflect  .   (helmet currently unavailable)
rElec   .          Harm     .   (no cloak)
rCorr   .          Rampage  .   m - +0 pair of gloves
Will    .....                   (boots currently unavailable)
Stlth   +.........              (no amulet)
HPRegen 0.13/turn               (no ring)
MPRegen 0.11/turn               (no ring)

@: appendages
A: horns 2, talons 2
a: End Transformation


You were on level 2 of the Dungeon.
You had temporarily grown beastly horns and talons.
You visited 1 branch of the dungeon, and saw 2 of its levels.

You collected 37 gold pieces.

Inventory:

Hand Weapons
 g - a +0 dagger
 j - a +0 whip (weapon)
Missiles
 f - 3 boomerangs (quivered)
 n - 10 poisoned darts
Armour
 b - a +0 leather armour (worn)
 m - a +0 pair of gloves (worn)
Jewellery
 q - a ring of willpower
Wands
 c - a wand of flame (4)
 d - a wand of charming (15)
 e - a wand of iceblast (5)
 o - a wand of paralysis (7)
Scrolls
 h - a scroll of fear {unknown}
 l - a scroll of teleportation {unknown}
Potions
 a - a potion of degeneration {unknown}
 i - 2 potions of curing
 k - a potion of brilliance
 p - a potion of attraction


   Skills:
 - Level 3.0 Fighting
 - Level 2.0 Armour
 - Level 1.0 Dodging
 - Level 1.0 Stealth
 + Level 2.7 Spellcasting
 + Level 1.9 Transmutations
 - Level 3.0 Evocations


You had 8 spell levels left.
You knew the following spells:

 Your Spells              Type           Power      Damage    Failure   Level
a - Beastly Appendage     Tmut           14%        N/A       13%         1

Your spell library contained the following spells:

 Spells                   Type           Power      Damage    Failure   Level
 Wereblood                Tmut           7%         N/A       19%         2
 Apportation              Tloc           2%         N/A       28%         1
 Spider Form              Tmut/Pois      4%         N/A       50%         3
 Ignite Poison            Fire/Tmut/Pois 3%         N/A       54%         3
 Mephitic Cloud           Conj/Pois/Air  1%         N/A       63%         3
 Alistair's Intoxication  Tmut/Pois      2%         N/A       99%         5
 Freezing Cloud           Conj/Ice/Air   0%         6-21      100%        5


Dungeon Overview and Level Annotations

Branches:
Dungeon (2/15)

Altars:

Shops:
D:1 (

Annotations:
D:2 Robin


Innate Abilities, Weirdness & Mutations

You have temporarily grown beastly horns and talons.


Message History

Press: ? - help, Q - select action, (/) - cycle Shift-Dir - straight line, f/p - hobgoblin
Aim: a hobgoblin (57% to hit)
You throw a boomerang. The boomerang hits the goblin.
You kill the goblin!
Unknown command.
Throw: 3 boomerangs
Press: ? - help, Q - select action, (/) - cycle Shift-Dir - straight line, f/p - hobgoblin
Aim: a hobgoblin (57% to hit)
You throw a boomerang.
The boomerang closely misses the goblin.
The boomerang hits the hobgoblin.
The hobgoblin is lightly wounded.
The goblin unwields a +0 club.
The goblin wields a +0 sling.
The goblin shoots a sling bullet.
The sling bullet hits you.
Throw: 3 boomerangs
Press: ? - help, Q - select action, (/) - cycle Shift-Dir - straight line, f/p - hobgoblin
Aim: a hobgoblin (lightly wounded, 57% to hit)
You throw a boomerang. The boomerang hits the goblin.
You kill the goblin!
Casting: Beastly Appendage (safe; 13% risk of failure)
Confirm with . or Enter, or press ? or * to list all spells.
You grow a pair of large bovine horns.
Your feet morph into talons.
You hit the hobgoblin. Your punch misses the hobgoblin.
The hobgoblin is almost dead.
The hobgoblin hits you but does no damage.
You closely miss the hobgoblin.
The hobgoblin is almost dead.
The hobgoblin misses you.
You closely miss the hobgoblin. Your headbutt misses the hobgoblin.
The hobgoblin is almost dead.
The hobgoblin barely misses you.
You hit the hobgoblin but do no damage. You claw the hobgoblin.
You kill the hobgoblin!
The kobold hits you with a +0 dagger of electrocution.
You miss the kobold. You claw the kobold, but do no damage.
The kobold hits you but does no damage.
You are electrocuted!
* * * LOW HITPOINT WARNING * * *
Robin says, "Kneel, worm!"
The kobold hits you but does no damage.
You are electrocuted!
You die...

# ##### # ##...######## #
##...........#
#####.......##.#.############
............##..............#
.g).gg)....K....g...........#
######.....#####K#########..#####
# ##....# #@# #........ # ####)#
#†# #........ # #.# #)# #..######
# #.#####)# #..# #.. . #.g)....#
#..# #.# . ######### ##..##.# .
#...#.# #.#..## #.#...#


You could see Robin and a kobold.

Vanquished Creatures
  Natasha (thrice) (D:2)
  3 adders (D:2)
  5 ball pythons
  2 endoplasms (D:1)
  2 giant cockroaches
  8 goblins
  6 hobgoblins
  2 kobolds
  2 quokkas (D:1)
  A bat (D:1)
  5 frilled lizards (D:1)
  2 rats
41 creatures vanquished.

Notes
Turn   | Place    | Note
-------+----------+-------------------------------------------
     0 | D:1      | HOAXBANE2 the Human Artificer began the quest for the Orb.
     0 | D:1      | Reached XP level 1. HP: 15/15 MP: 1/1
    46 | D:1      | Found Heat's Antique Weapon Boutique.
   159 | D:1      | Reached XP level 2. HP: 22/22 MP: 2/2
  1077 | D:1      | Reached XP level 3. HP: 24/28 MP: 3/3
  1562 | D:2      | Learned a level 1 spell: Beastly Appendage
  1949 | D:2      | Noticed Natasha
  1958 | D:2      | Killed Natasha
  1959 | D:2      | Reached skill level 1 in Spellcasting
  1959 | D:2      | Reached XP level 4. HP: 28/35 MP: 4/6
  2044 | D:2      | Noticed Natasha
  2046 | D:2      | Killed Natasha
  2090 | D:2      | Reached skill level 1 in Transmutations
  2226 | D:2      | Noticed Natasha
  2234 | D:2      | Killed Natasha
  2235 | D:2      | Reached XP level 5. HP: 27/41 MP: 8/8
  2472 | D:2      | Noticed Robin
  2514 | D:2      | Mangled by a kobold

Illustrated notes

Levels and vault maps discovered:
D:1:      dpeg_arrival_lava_altar, layout_basic, serial_shops, shop_fountains
D:2:      layout_loops_ring, serial_shops, nicolae_shop_hallway_plus,
          uniq_natasha, uniq_robin

Skill      XL: |  1  2  3  4 |
---------------+-------------+-----
Fighting       | 2 3 |  3.0
Spellcasting   | 1 2 |  2.7
Transmutations | 1 |  1.9
Armour         | |  2.0
Dodging        | |  1.0
Stealth        | |  1.0
Evocations     | |  3.0

Action                   |  1- 3 |  4- 6 || total
-------------------------+-------+-------++-------
Melee: Dagger            |    55 |       ||    55
       Whip              |    54 |    33 ||    87
       Punch             |     1 |     2 ||     3
       Kick              |       |     8 ||     8
       Headbutt          |       |     1 ||     1
Throw: Boomerang         |    17 |    12 ||    29
 Cast: Beastly Appendage |       |     5 ||     5
Evoke: Wand              |     7 |     4 ||    11
  Use: Scroll            |       |     3 ||     3
 Stab: Sleeping          |     3 |       ||     3
Armor: Leather armour    |    37 |    14 ||    51
Dodge: Dodged            |    74 |    17 ||    91
